 Dungeon Crawl Stone Soup version 0.18.1-50-g88ac8fd (webtiles) character file.

9 MistressOfTheDunes the Insei (level 2, -2/24 HPs)
             Began as a Mummy Monk on Sept 17, 2016.
             Slain by an adder (4 damage)
             ... on level 2 of the Dungeon.
             The game lasted 00:01:07 (1010 turns).

MistressOfTheDunes the Insei (Mummy Monk)           Turns: 1010, Time: 00:01:08

Health: -2/24      AC:  2    Str: 14    XL:     2   Next: 3%
Magic:  2/2        EV: 13    Int:  9    God:
Gold:   24         SH:  0    Dex: 14    Spells: 0 memorised, 1 level left

rFire  x . .     SeeInvis .       - Unarmed
rCold  + . .     Gourm    .     (no armour)
rNeg   + + +     Faith    .     (no shield)
rPois  ∞         Spirit   .     f - +0 helmet
rElec  .         Dismiss  .     g - +0 cloak
rCorr  .         Reflect  .     (no gloves)
SustAt .         Harm     .     (no boots)
MR     .....                    (no amulet)
Stlth  ++........               (no ring)
                                (no ring)

@: not resistant to hostile enchantments, unstealthy
A: no food or potions, fire vulnerability, cold resistance 1, negative energy
resistance 3, torment resistance, unbreathing
a: no special abilities


You were on level 2 of the Dungeon.
You were not hungry.

You visited 1 branch of the dungeon, and saw 2 of its levels.

You collected 24 gold pieces.


Innate Abilities, Weirdness & Mutations

You do not eat or drink.
Your flesh is vulnerable to fire.
You are immune to poison.
Your flesh is cold resistant.
You are immune to negative energy.
You are immune to unholy pain and torment.
You can survive without breathing.


   Skills:
 - Level 3.0 Fighting
 - Level 2.4 Dodging
 - Level 1.5 Stealth
 + Level 3.6 Unarmed Combat


You had one spell level left.
You didn't know any spells.

Inventory:

Armour
 c - a +0 buckler
 f - a +0 helmet (worn)
 g - a +0 cloak (worn)
Jewellery
 b - a +2 ring of intelligence {unknown}
Scrolls
 a - a scroll of recharging {unknown}
 d - a scroll of noise {unknown}
 e - 3 scrolls of teleportation {unknown}
 h - a scroll of enchant weapon {unknown}
 i - a scroll of fog {unknown}
 j - a scroll of magic mapping {unknown}

Dungeon Overview and Level Annotations

Branches:
Dungeon (2/15)

Altars:
Okawaru

▒.....▒.......▒▒▒▒▒▒
▒.......♣.♣.♣......▒
▒................▒.▒
▒▒..▒▒.......[.♣.♣.♣
▒▒. ▒.............▒
▒........%♣...♣
.............▒
▒.▒▒.▒▒▒♣▒♣.♣ ▒. ▒M▒
▒..▒ ▒S▒ ▒.▒▒
▒l▒▒▒▒▒.▒
▒.(▒+▒▒w......▒
▒.............▒
▒.............▒
..............▒
..............▒
..........▒▒▒.▒


You could see an adder, a dart slug and a giant newt.


Message History

The bat hits you! The bat closely misses you!
The bat hits you but does no damage!
You pummel the bat like a punching bag!
You annihilate the bat!!!
You have reached level 2!!!
You barely miss the adder! The adder bites you but does no damage!
You pummel the adder but do no damage! The adder bites you but does no damage!
You squash the adder but do no damage!
The adder bites you!
You beat the adder but do no damage!
The adder barely misses you!
You closely miss the adder! The adder bites you! * * * don't die
* * * The adder bites you but does no damage!
You barely miss the adder! The adder bites you! * * * don't die
* * * You beat the adder into a bloody pulp!
The adder is lightly wounded!
The adder bites you! * * * don't die
* * * You barely miss the adder!
The adder is lightly wounded!
The adder closely misses you!
You pulverise the adder!
The adder is heavily wounded!
The adder misses you!
You pulverise the adder!
The adder is severely wounded!
The adder bites you! * * * don't die
* * * The adder bites you! rip

Action                   || total
-------------------------++-------
Melee: Unarmed           ||    48
       Punch             ||     1
 Stab: Sleeping          ||     2
Armor: Skin              ||    11
Dodge: Dodged            ||    41

Vault maps used:
D:1:      sevenhm_arrival_forest_fort_large_1, kennysheep_crisscross
D:2:      tgw_xom, serial_forest, infiniplex_forest_clump_small,
          infiniplex_forest_zigzag_1, infiniplex_forest_clump_tiny,
          infiniplex_forest_lined_room_3, infiniplex_forest_lined_1,
          infiniplex_forest_lined_corner, infiniplex_forest_clump_double,
          infiniplex_forest_lined_room_, okawaru_trees_2

Notes
Turn   | Place    | Note
--------------------------------------------------------------
     0 | D:1      | MistressOfTheDunes the Mummy Monk began the quest for the Orb.
     0 | D:1      | Reached XP level 1. HP: 18/18 MP: 1/1
   952 | D:2      | Found an iron altar of Okawaru.
  1000 | D:2      | Reached XP level 2. HP: 18/24 MP: 2/2
  1010 | D:2      | HP: 2/24 [adder (3)]
  1010 | D:2      | Slain by an adder

Vanquished Creatures
  A giant cockroach (D:1)
  A ball python (D:1)
  3 bats
  4 kobolds
  A rat (D:2)
10 creatures vanquished.
